 Dungeon Crawl Stone Soup version 0.15-a0-734-g2b8d6ef (webtiles) character file.

87 Leibowitz the Ducker (level 4, 0/36 HPs)
             Began as a Demigod Gladiator on May 11, 2014.
             Slain by a gnoll
             ... wielding a +0,+0 spear
              (7 damage)
             ... on Level 3 of the Dungeon.
             The game lasted 00:07:11 (1990 turns).

Leibowitz the Ducker (Demigod Gladiator)            Turns: 1990, Time: 00:07:12

HP   0/36        AC  3     Str 19      XL: 4   Next:  7%
MP   7/7         EV 14     Int 10      God:
Gold 88          SH  0     Dex 23      Spells:  0 memorised,  3 levels left

rFire  . . .     SeeInvis .     a - +0 trident
rCold  + . .     Clarity  .     i - +0 leather armour
rNeg   . . .     Conserve .     (no shield)
rPois  .         rCorr    .     (helmet restricted)
rElec  .         rRot     .     (no cloak)
SustAb . .       Spirit   .     (no gloves)
rMut   .         Warding  .     (no boots)
Gourm  .         Stasis   .     (no amulet)
MR     .....                    u - ring of protection from cold
                                w - +5 ring of dexterity

@: not resistant to hostile enchantments, unstealthy
A: antennae 1, blurry vision 1, dopey 1
a: no special abilities


You were on level 3 of the Dungeon.
You were not hungry.

You visited 1 branch of the dungeon, and saw 3 of its levels.

You collected 88 gold pieces.

Inventory:

Hand weapons
 a - a +0,+0 trident (weapon)
 b - a +0,+2 dagger of venom
 j - a +2,+1 dagger of holy wrath
 v - a +1,+0 dagger of venom
Missiles
 d - 2 throwing nets (quivered)
 e - 20 poisoned needles
 n - 19 stones
 s - 8 curare-tipped needles
Armour
 c - a +0 helmet
 i - a +0 leather armour (worn)
Magical devices
 r - a wand of slowing (12)
Comestibles
 f - a bread ration
 x - a chunk of rat flesh
 z - a rambutan
Scrolls
 g - 3 scrolls of remove curse {unknown}
 h - a scroll of blinking {unknown}
 k - 2 scrolls of enchant weapon II {unknown}
 l - a scroll of noise {unknown}
 p - 3 scrolls of identify {unknown}
Jewellery
 o - an uncursed ring of ice
 u - a ring of protection from cold (right hand)
 w - a +5 ring of dexterity (left hand)
Potions
 m - a potion of restore abilities {unknown}
 q - a potion of flight {unknown}
 t - 2 potions of curing {unknown}


   Skills:
 * Level 2.2 Fighting
 + Level 3.2 Polearms
 + Level 1.7 Throwing
 + Level 0.6 Armour
 + Level 3.6 Dodging
 * Level 1.3 Stealth


You had 3 spell levels left.
You didn't know any spells.

Dungeon Overview and Level Annotations

Branches:
Dungeon (3/15)


Innate Abilities, Weirdness & Mutations

You have a pair of small antennae on your head.
Your vision is a little blurry.
You are dopey. (Int -2)


Message History

The gnoll hits you from afar with a spear.
Throwing (i - inventory. (,) - cycle):
d - 3 throwing nets (quivered)
Press: ? - help, Shift-Dir - straight line, f - gnoll
Aim: a gnoll, wielding a flail (moderately wounded)
You throw a throwing net. The throwing net hits the gnoll.
The gnoll is caught in the net!
The gnoll is moderately wounded.
The gnoll struggles against the net.
The gnoll hits you from afar with a spear.
You hit the gnoll.
The gnoll is almost dead.
The gnoll struggles against the net.
The gnoll hits you from afar with a spear.
* * * LOW HITPOINT WARNING * * *
You puncture the gnoll!
You kill the gnoll!
You have reached level 4!
You feel agile.
The gnoll hits you from afar with a spear!
You die...

##....####
#####.%#####
#....%%....#
#..........#
#..........###
#........<.'.# .
#.....)....#.# ...
#..........#.###g.....
#(.........#.@)gg.....
#..........#####l.....
#..........# ...
#..........# .
############


You could see 3 gnolls and a giant newt.

Vanquished Creatures
  Jessica (D:2)
  A gnoll (D:3)
  2 giant mites
  3 giant geckos
  An ooze (D:1)
  2 ball pythons (D:2)
  5 bats
  A giant cockroach (D:1)
  4 hobgoblins
  3 jackals (D:3)
  3 kobolds
  A quokka (D:2)
  12 giant newts
  3 goblins
  5 rats
47 creatures vanquished.

Notes
Turn   | Place    | Note
--------------------------------------------------------------
     0 | D:1      | Leibowitz, the Demigod Gladiator, began the quest for the Orb.
     0 | D:1      | Reached XP level 1. HP: 17/17 MP: 2/2
   236 | D:1      | Reached skill level 3 in Dodging
   269 | D:1      | Reached XP level 2. HP: 24/24 MP: 3/3
   553 | D:1      | Reached skill level 1 in Stealth
   914 | D:2      | Reached XP level 3. HP: 29/29 MP: 5/5
  1509 | D:2      | Noticed Jessica
  1535 | D:2      | Gained mutation: You are dopey. (Int -2) [potion of mutation]
  1535 | D:2      | Gained mutation: Your vision is a little blurry. [potion of mutation]
  1535 | D:2      | Gained mutation: You have a pair of small antennae on your head. [potion of mutation]
  1536 | D:2      | Killed Jessica
  1990 | D:3      | Reached XP level 4. HP: 7/36 MP: 7/7
  1990 | D:3      | Slain by a gnoll

Action                   |  1- 3 |  4- 6 || total
-------------------------+-------+-------++-------
Melee: Trident           |   132 |       ||   132
Throw: Throwing net      |     2 |       ||     2
Evoke: Wand              |     1 |       ||     1
  Use: Potion            |     2 |       ||     2
 Stab: Sleeping          |     7 |       ||     7
